 Dungeon Crawl Stone Soup version 0.28-a0-1622-gc30f734a66 (console) character file.

Game seed: 10322342718530934956

453 Mandevil the Firebug (level 6, 0/45 HPs)
             Began as a Demigod Fire Elementalist on Jan 23, 2022.
             Slain by a gnoll (4 damage)
             ... on level 5 of the Dungeon.
             The game lasted 00:11:07 (4535 turns).

Mandevil the Firebug (Demigod Fire Elementalist)    Turns: 4535, Time: 00:11:08

Health: 0/45       AC:  4    Str:  9    XL:     6   Next: 46%
Magic:  6/14       EV: 12    Int: 25    God:
Gold:   145        SH:  0    Dex: 14    Spells: 5/12 levels left

rFire   . . .      SeeInvis .   a - +1 quick blade
rCold   . . .      Faith    .   (no shield)
rNeg    . . .      Spirit   .   m - +0 robe
rPois   .          Reflect  .   (no helmet)
rElec   .          Harm     .   s - +0 cloak
rCorr   .          Rampage  .   (no gloves)
Will    .....                   l - +0 pair of boots
Stlth   ++........              (no amulet)
HPRegen 0.15/turn               (no ring)
MPRegen 0.14/turn               (no ring)

@: no status effects
A: high mp 1, forlorn, divine attributes
a: no special abilities


You were on level 5 of the Dungeon.
You visited 1 branch of the dungeon, and saw 5 of its levels.

You collected 145 gold pieces.

Inventory:

Hand Weapons
 a - a +1 quick blade (weapon)
 b - a +1 spear
Missiles
 d - 5 datura-tipped darts
 i - 2 poisoned darts
Armour
 l - a +0 pair of boots (worn)
 m - a +0 robe (worn)
 s - a +0 cloak (worn)
Wands
 u - a wand of mindburst (10)
Scrolls
 j - 2 scrolls of teleportation
 p - a scroll of immolation
 r - a scroll of magic mapping
 t - a scroll of silence
Potions
 c - 2 potions of brilliance {unknown}
 e - a potion of heal wounds
 f - 2 potions of resistance
 g - a potion of haste {unknown}
 h - a potion of mutation {unknown}
 k - 2 potions of curing
 n - a potion of attraction {unknown}
 o - a potion of ambrosia {unknown}
 q - 3 potions of lignification


   Skills:
 - Level 1.7 Dodging
 - Level 1.7 Stealth
 + Level 3.8 Spellcasting
 + Level 3.7 Conjurations
 + Level 4.5 Fire Magic


You had 5 spell levels left.
You knew the following spells:

 Your Spells              Type           Power      Damage    Failure   Level
a - Foxfire               Conj/Fire      100%       2x1d9     1%          1
b - Scorch                Fire           54%        2d8       2%          2
w - Flame Wave            Conj/Fire      25%        2d7       17%         4

Your spell library contained the following spells:

 Spells                   Type           Power      Damage    Failure   Level
 Conjure Flame            Conj/Fire      25%        6-21      4%          3
 Inner Flame              Hex/Fire       16%        N/A       11%         3
 Confusing Touch          Hex            4%         N/A       28%         3
 Yara's Violent Unravell  Hex/Tmut       2%         3d3       95%         5
 Enfeeble                 Hex            2%         N/A       100%        7


Dungeon Overview and Level Annotations

Branches:
Dungeon (5/15)
 Temple: D:4-7

Annotations:
D:5 Dowan, Duvessa


Innate Abilities, Weirdness & Mutations

You have an increased reservoir of magic. (+10% MP)
You shall have no god before yourself.
Your divine heritage dramatically boosts your attributes as you level up.


Message History

You conjure some foxfire!
The gnoll barely misses you.
The gnoll shaman hits you with a +0 whip.
You hit the gnoll shaman but do no damage.
The foxfire hits the gnoll shaman.
The gnoll shaman is burned terribly!
The gnoll shaman is lightly wounded.
The gnoll hits you from afar with a +0 spear!
The foxfire hits the gnoll shaman!
The gnoll shaman is burned terribly!
The gnoll shaman is heavily wounded.
The gnoll shaman barely misses you.
Casting: Foxfire (safe; 1% risk of failure)
Confirm with . or Enter, or press ? or * to list all spells.
Flames lash the gnoll.
The gnoll is heavily wounded.
The gnoll's fire resistance burns away.
The gnoll closely misses you.
The gnoll shaman calls upon its god to speed up the gnoll.
The gnoll seems to speed up.
Casting: Scorch (safe; 2% risk of failure)
Confirm with . or Enter, or press ? or * to list all spells.
You conjure some foxfire!
The gnoll shaman is no longer more vulnerable to fire.
The gnoll hits you from afar with a +0 spear. x2
The gnoll closely misses you.
The gnoll shaman hits you with a +0 whip!
The foxfire hits the gnoll shaman.
The gnoll shaman is heavily wounded.
The foxfire hits the gnoll shaman.
The gnoll shaman is severely wounded.
The gnoll hits you from afar with a +0 spear!
* * * LOW HITPOINT WARNING * * *
The gnoll shaman calls upon its god to heal the gnoll.
The gnoll is healed somewhat.
The gnoll is no longer more vulnerable to fire.
The gnoll hits you from afar with a +0 spear.
* * * LOW HITPOINT WARNING * * *
The gnoll shaman drinks a potion.
The gnoll shaman is healed!
The gnoll closely misses you.
The gnoll hits you from afar with a +0 spear.
* * * LOW HITPOINT WARNING * * *
The gnoll hits you from afar with a +0 spear.
You die...

#..................# #..#
..........gg.>####.####..#
#...###g#####.# #.#..#..#
#...# #g# #.# #.#..#..#
#...###.#####.# #.#..#..#
#.............# #.#<.#..#
#...###.##########.##....#
#....#....g.g.g..#.##.#.####
.......#########p#.........#
.....#..# #.#)#######.#
##......# #.#....# #.#
#...#.%############### #.#
##.##....#8#.#}#_#### #.#
#+##....8.#.#.#.#.8# ##.#
#..............## #..#
#...............####..######
.
##...8.#.#.#.#.##....(.....#


You could see a gnoll shaman and 2 gnolls.

Vanquished Creatures
  An ice beast (D:5)
  A phantom (D:5)
  A water moccasin skeleton (D:4)
  A hound (D:5)
  Jessica (D:2)
  An orc wizard (D:3)
  A hound skeleton (D:4)
  2 adders
  A gnoll (D:5)
  A shadow imp (D:5)
  A white imp (D:5)
  An ufetubus (D:5)
  4 worms
  3 dart slugs
  9 orcs
  10 ball pythons
  4 bats
  4 endoplasms
  5 giant cockroaches
  9 goblins
  5 hobgoblins
  3 quokkas
  4 kobolds
  5 rats
78 creatures vanquished.

Vanquished Creatures (others)
  240 foxfires
240 creatures vanquished.

Grand Total: 318 creatures vanquished

Notes
Turn   | Place    | Note
-------+----------+-------------------------------------------
     0 | D:1      | Mandevil the Demigod Fire Elementalist began the quest for
                  | the Orb.
     0 | D:1      | Reached XP level 1. HP: 14/14 MP: 5/5
    58 | D:1      | Reached skill level 1 in Conjurations
   557 | D:1      | Reached XP level 2. HP: 18/20 MP: 2/7
   656 | D:1      | Reached skill level 3 in Fire Magic
  1076 | D:2      | Noticed Jessica
  1086 | D:2      | Killed Jessica
  1087 | D:2      | Reached XP level 3. HP: 26/26 MP: 2/9
  1379 | D:2      | Learned a level 2 spell: Scorch
  2075 | D:3      | Reached XP level 4. HP: 33/33 MP: 5/10
  2856 | D:4      | Reached XP level 5. HP: 34/38 MP: 0/12
  3173 | D:4      | Learned a level 4 spell: Flame Wave
  3430 | D:4      | Reached skill level 4 in Fire Magic
  3757 | D:5      | Entered Level 5 of the Dungeon
  3768 | D:5      | Noticed Duvessa
  3859 | D:5      | Reached XP level 6. HP: 36/45 MP: 8/14
  4500 | D:5      | Noticed Dowan
  4535 | D:5      | Slain by a gnoll

Illustrated notes

Levels and vault maps discovered:
D:1:      dpeg_arrival_round_c, layout_basic
D:2:      layout_loops_ring, kennysheep_jessica_study
D:3:      layout_loops_ring, tgw_xom, mainiacjoe_overflow_alcove_1,
          hellmonk_ecumenical_altar_lost_god, columned_hall_lemuel
D:4:      layout_rooms, cheibrodos_ashenzari_chains,
          lemuel_coloured_pillars_altar
D:5:      layout_basic, minitemple, nicolae_sif_muna_little_library,
          kennysheep_big_empty_room, uniq_duvessa, uniq_menkaure

Skill      XL: |  1  2  3  4  5 |
---------------+----------------+-----
Conjurations   | 1 2 3 |  3.7
Spellcasting   | 2 3 |  3.8
Fire Magic     | 3 4 |  4.5
Dodging        | |  1.7
Stealth        | |  1.7

Action                   |  1- 3 |  4- 6 || total
-------------------------+-------+-------++-------
Melee: Spear             |     5 |       ||     5
       Quick blade       |       |    18 ||    18
 Cast: Foxfire           |    61 |    91 ||   152
       Scorch            |       |    12 ||    12
  Use: Scroll            |     8 |     6 ||    14
 Stab: Sleeping          |       |     1 ||     1
Armor: Robe              |     2 |     4 ||     6
Dodge: Dodged            |    11 |    22 ||    33

Table legend: (Time is in decaauts)
 A = Elapsed time spent in this place.
 B = Non-inter-level travel time spent in this place.
 C = Inter-level travel time spent in this place.
 D = Time resting spent in this place.
 E = Time spent auto-exploring this place.
 F = Levels seen in this place.
 G = Mean time per level.
                   A        B        C        D        E       F      G
               +--------+--------+--------+--------+--------+-----+--------+
         Total |   4532 |   4408 |    124 |    594 |   2969 |   5 |  906.4 |
       Dungeon |   4532 |   4408 |    124 |    594 |   2969 |   5 |  906.4 |
               +--------+--------+--------+--------+--------+-----+--------+

Top non-repeatable levels by time:
     D:3: 1220 daAuts
     D:1: 867 daAuts
     D:2: 844 daAuts
     D:4: 841 daAuts
     D:5: 759 daAuts
